 Dungeon Crawl Stone Soup version 0.26-a0-227-g1af32d979d (webtiles) character file.

Game seed: 15660584094384362891

1342 BritishOli the Ducker (level 8, 0/62 HPs)
             Began as a Demonspawn Gladiator on July 7, 2020.
             Slain by a killer bee (4 damage)
             ... on level 7 of the Dungeon.
             The game lasted 00:07:32 (6165 turns).

BritishOli the Ducker (Demonspawn Gladiator)        Turns: 6165, Time: 00:07:33

Health: 0/62       AC: 17    Str: 17    XL:     8   Next: 35%
Magic:  8/8        EV: 11    Int: 10    God:
Gold:   360        SH:  0    Dex: 14    Spells: 7/7 levels left

rFire    + . .     SeeInvis .   a - +0 long sword
rCold    . . .     Faith    .   (no shield)
rNeg     . . .     Spirit   .   C - +0 plate armour
rPois    .         Reflect  .   (helmet restricted)
rElec    .         Harm     .   (no cloak)
rCorr    .                      (no gloves)
MR       .....                  (no boots)
Stlth    ..........             b - amulet of regeneration
HPRegen  0.60/turn              g - +4 ring of protection
MPRegen  0.11/turn              y - +4 ring of evasion

@: lethally poisoned (0 -> -5)
A: horns 1, icy blue scales 1, demonic guardian 1, fire resistance 1, flame
cloud immunity
a: no special abilities


You were on level 7 of the Dungeon.
You were not hungry.

You visited 2 branches of the dungeon, and saw 8 of its levels.

You collected 360 gold pieces.

Inventory:

Hand Weapons
 a - a +0 long sword (weapon)
Missiles
 d - 3 throwing nets (quivered)
Armour
 C - a +0 plate armour (worn)
Jewellery
 b - an amulet of regeneration (around neck)
 g - a +4 ring of protection (left hand)
 y - a +4 ring of evasion (right hand)
Wands
 t - a wand of clouds (6)
 w - a wand of flame (19)
Scrolls
 e - a scroll of amnesia {unknown}
 i - 5 scrolls of teleportation {unknown}
 j - 7 scrolls of identify {unknown}
 k - 2 scrolls of fear {unknown}
 m - 2 scrolls of random uselessness {unknown}
 o - 5 scrolls of remove curse {unknown}
 q - a scroll of enchant armour {unknown}
 x - a scroll of blinking {unknown}
 z - a scroll of enchant weapon {unknown}
Potions
 h - 3 potions of brilliance {unknown}
 l - a potion of resistance {unknown}
 n - a potion of flight {unknown}
 p - a potion of heal wounds {unknown}
 r - a potion of ambrosia {unknown}
 s - a potion of haste {unknown}
 v - a potion of lignification {unknown}
 A - a potion of invisibility {unknown}
 B - a potion of curing {unknown}
Comestibles
 f - 6 rations


   Skills:
 + Level 5.0 Fighting
 + Level 5.0 Long Blades
 - Level 4.1 Throwing
 + Level 4.1 Armour
 + Level 5.0 Dodging


You had 7 spell levels left.
You didn't know any spells.
Your spell library was empty.

Dungeon Overview and Level Annotations

Branches:
Dungeon (7/15)             Temple (1/1) D:4

Altars:
Ashenzari
Cheibriados
Elyvilon
Fedhas
Gozag
Hepliaklqana
Kikubaaqudgha
Makhleb
Nemelex Xobeh
Ru
Sif Muna
Trog
Uskayaw
Vehumet
Wu Jian
Xom
Yredelemnul
Zin
The Shining One

Shops:
D:5 *


Innate Abilities, Weirdness & Mutations

You have a pair of small horns on your head.
You are partially covered in icy blue scales. (AC +2)
A weak demonic guardian rushes to your aid.
Your flesh is heat resistant. (rF+)
You are immune to clouds of flame.


Message History

You feel sick.
The killer bee stings you but does no damage.
Your plate armour prevents you from hitting the killer bee.
You headbutt the killer bee.
The killer bee is lightly wounded.
You feel sick. The killer bee closely misses you.
You riposte.
You miss the killer bee. You headbutt the killer bee.
The killer bee is heavily wounded.
The killer bee stings something.
The killer bee stings you.
* * * LOW HITPOINT WARNING * * *
The killer bee closely misses something.
Your plate armour prevents you from hitting the killer bee.
The killer bee is heavily wounded.
You feel sick. The killer bee stings you.
* * * LOW HITPOINT WARNING * * *
You are lethally poisoned!
The killer bee poisons you!
The killer bee stings you but does no damage.
The killer bee stings you.
You die...

#.##......#
.#.......# .
........... #.
#.#.......#
.#.##.#†#
......#.#######
.....[†l.5....#
....##.#y#.....#
....##.#@#.....#
.......y.#.....#
.#.#####<#....^#
##...###.....#
##.....##.....#
#.......#.#####
#..._.....#
#....)..###
##.....##


You could see an iguana and 2 killer bees.

Vanquished Creatures
  An orc warrior (D:6)
  2 centaurs
  2 ogres
  2 killer bees (D:7)
  A hound (D:4)
  A jelly (D:6)
  An orc priest (D:4)
  A gnoll shaman (D:5)
  An iguana (D:6)
  7 worker ants
  5 orc wizards
  A killer bee zombie (D:6)
  10 gnolls
  8 adders
  2 adder skeletons (D:5)
  A worm (D:3)
  3 leopard geckos
  20 orcs
  11 bats
  A giant cockroach (D:6)
  5 goblins
  5 hobgoblins
  A ball python (D:3)
  5 frilled lizards
  A jackal zombie (D:5)
  10 kobolds
  9 rats
117 creatures vanquished.

Vanquished Creatures (collateral kills)
  Menkaure (D:5)
  A bullfrog (D:6)
  A killer bee (D:7)
  A worker ant (D:4)
  A gnoll (D:4)
  2 orcs (D:4)
7 creatures vanquished.

Grand Total: 124 creatures vanquished

Notes
Turn   | Place    | Note
-------+----------+-------------------------------------------
     0 | D:1      | BritishOli the Demonspawn Gladiator began the quest for the
                  | Orb.
     0 | D:1      | Reached XP level 1. HP: 16/16 MP: 1/1
   219 | D:1      | You fall into a shaft and drop 1 floor!
   219 | D:2      | Found a sacrificial altar of Ru.
   253 | D:2      | Gained mutation: You have a pair of small horns on your
                  | head. [demonic ancestry]
   253 | D:2      | Reached XP level 2. HP: 21/22 MP: 2/2
  1137 | D:2      | Reached skill level 1 in Armour
  1137 | D:2      | Reached XP level 3. HP: 24/28 MP: 3/3
  1198 | D:2      | Found a shattered altar of Ashenzari.
  1761 | D:3      | Gained mutation: You are partially covered in icy blue
                  | scales. (AC +2) [demonic ancestry]
  1761 | D:3      | Reached XP level 4. HP: 23/34 MP: 4/4
  2238 | D:3      | Found a sacrificial altar of Ru.
  2246 | D:3      | Gained mutation: Your flesh is heat resistant. (rF+)
                  | [demonic ancestry]
  2246 | D:3      | Reached XP level 5. HP: 39/40 MP: 5/5
  3128 | D:4      | Gained mutation: A weak demonic guardian rushes to your
                  | aid. [demonic ancestry]
  3128 | D:4      | Reached XP level 6. HP: 47/47 MP: 6/6
  3283 | D:4      | Found a staircase to the Ecumenical Temple.
  3304 | D:4      | Identified the +6 war axe "Yklih" {freeze, rPois MR+ Int+2
                  | Dex+4}
  3629 | D:5      | Entered Level 5 of the Dungeon
  3636 | D:5      | Noticed Menkaure
  3640 | D:5      | Killed Menkaure
  3718 | D:5      | Reached XP level 7. HP: 15/53 MP: 7/7
  3761 | D:5      | HP: 2/53 [centaur (3)]
  4318 | D:5      | Found Ihesum's General Store.
  4630 | Temple   | Entered the Ecumenical Temple
  4794 | D:6      | Found a blossoming altar of Fedhas.
  5377 | D:6      | Gained mutation: You are immune to clouds of flame.
                  | [demonic ancestry]
  5377 | D:6      | Reached XP level 8. HP: 53/61 MP: 8/8
  6129 | D:7      | Found a glowing golden altar of the Shining One.
  6154 | D:7      | Reached skill level 5 in Dodging
  6161 | D:7      | Reached skill level 5 in Fighting
  6161 | D:7      | Reached skill level 5 in Long Blades
  6165 | D:7      | Slain by a killer bee

Illustrated notes

Levels and vault maps discovered:
D:1:      heliophobic_arrival_glass_houses, layout_loops_ring,
          minmay_misc_feat_cross, minmay_heptomino_o4
D:2:      layout_basic, old_standard_altar, nicolae_overflow_crystal_walls,
          first_ration, corexii_corridor_pit
D:3:      wander_river, layout_basic, nicolae_ru_great_annihilating_truth
D:4:      layout_rooms, minmay_temple_entry_tees
D:5:      layout_loops_ring, serial_shops, shop_fountains, uniq_menkaure
D:6:      layout_gridville, fedhas_bush_and_centaur_altar
D:7:      layout_basic, lemuel_round_altar, nrook_pool_corridor
Temple:   regret_index_temple_waves

Skill      XL: |  1  2  3  4  5  6  7  8 |
---------------+-------------------------+-----
Throwing       | 2 3 4 |  4.1
Long Blades    | 3 4 5 |  5.0
Armour         | 1 2 3 4 |  4.1
Dodging        | 3 4 5 |  5.0
Fighting       | 3 4 5 |  5.0

Action                   |  1- 3 |  4- 6 |  7- 9 || total
-------------------------+-------+-------+-------++-------
Melee: Long sword        |    81 |   166 |   134 ||   381
       Headbutt          |     8 |    33 |    43 ||    84
Throw: Throwing net      |       |       |     1 ||     1
 Stab: Sleeping          |     1 |       |       ||     1
  Eat: Ration            |     1 |     2 |     2 ||     5
Armor: Leather armour    |    31 |    82 |    34 ||   147
       Plate armour      |       |       |    32 ||    32
Dodge: Dodged            |    62 |   160 |   120 ||   342
       Rpst.: Long sword |    22 |    33 |    39 ||    94

Table legend:
 A = Non-vault XP
 B = Vault XP
 C = Vault XP percentage of total XP
 D = Non-vault monster count
 E = Vault monster count
 F = Vault count percentage of total count
                 A         B        C        D         E       F
            +---------+---------+-------+---------+---------+-------
      Total |    1687 |     231 |  12.0 |     115 |       9 |   7.3
            +---------+---------+-------+---------+---------+-------
        D:1 |      26 |       4 |  13.3 |      17 |       3 |  15.0
        D:2 |      58 |       0 |   0.0 |      15 |       0 |   0.0
        D:3 |     136 |      37 |  21.4 |      23 |       4 |  14.8
        D:4 |     316 |       0 |   0.0 |      21 |       0 |   0.0
        D:5 |     374 |      96 |  20.4 |      14 |       1 |   6.7
        D:6 |     633 |      94 |  12.9 |      22 |       1 |   4.3
        D:7 |     144 |       0 |   0.0 |       3 |       0 |   0.0
            +---------+---------+-------+---------+---------+-------
